 Dungeon Crawl Stone Soup version 0.29.1-1-gd02db6906a (webtiles) character file.

Game seed: 12130917245803777073

532 sankara the Firebug (level 7, 50/50 HPs)
             Began as a White Draconian Fire Elementalist on Oct 13, 2022.
             Got out of the dungeon alive.
             The game lasted 00:14:26 (4740 turns).

sankara the Firebug (DrFE)                          Turns: 4740, Time: 00:14:27

Health: 50/50      AC:  6    Str: 10    XL:     7   Next: 4%
Magic:  12/12      EV: 12    Int: 18    God:
Gold:   249        SH:  0    Dex: 11    Spells: 4/13 levels left

rFire   . . .      SeeInvis .   s - +2 short sword (elec)
rCold   + . .      Faith    .   (no shield)
rNeg    . . .      Spirit   .   (body armour unavailable)
rPois   .          Reflect  .   (helmet restricted)
rElec   .          Harm     .   (no cloak)
rCorr   .          Rampage  .   (no gloves)
Will    .....                   (no boots)
Stlth   ++........              (no amulet)
HPRegen 0.16/turn               (no ring)
MPRegen 0.13/turn               (no ring)

@: no status effects
A: breathe frost, AC +6, unfitting armour, cold resistance 1, cold-blooded
a: Breathe Frost


You escaped.
You visited 1 branch of the dungeon, and saw 5 of its levels.

You collected 249 gold pieces.

Inventory:

Hand Weapons
 e - a +0 dagger
 s - a +2 short sword of electrocution (weapon)
 t - a +1 antimagic dagger
Missiles
 c - 58 stones
 i - 10 poisoned darts
 x - a boomerang
Magical Staves
 o - a staff of earth
Jewellery
 g - a +4 ring of slaying
Wands
 r - a wand of mindburst (16)
 w - a wand of roots (10)
Scrolls
 d - a scroll of enchant weapon {unknown}
 f - 3 scrolls of identify {unknown}
 k - a scroll of amnesia {unknown}
 m - a scroll of butterflies {unknown}
 n - 6 scrolls of blinking {unknown}
 p - a scroll of immolation {unknown}
 q - 3 scrolls of teleportation {unknown}
 u - a scroll of magic mapping {unknown}
Potions
 a - a potion of magic
 b - 2 potions of curing {unknown}
 h - a potion of degeneration {unknown}
 j - a potion of attraction {unknown}
 l - a potion of heal wounds {unknown}
 v - a potion of mutation {unknown}


   Skills:
 - Level 1.7 Dodging
 - Level 1.7 Stealth
 + Level 3.5 Spellcasting
 * Level 4.6 Conjurations
 * Level 4.6 Fire Magic


You had 4 spell levels left.
You knew the following spells:

 Your Spells              Type           Power      Damage    Failure   Level
a - Foxfire               Conj/Fire      76%        2x1d7     2%          1
b - Scorch                Fire           38%        2d6       3%          2
c - Conjure Flame         Conj/Fire      19%        6-21      7%          3
d - Inner Flame           Hex/Fire       11%        N/A       19%         3

Your spell library contained the following spells:

 Spells                   Type           Power      Damage    Failure   Level
 Necrotise                Necr           12%        1d4       16%         1
 Flame Wave               Conj/Fire      19%        2d7       22%         4
 Vampiric Draining        Necr           3%         2d6       43%         3
 Agony                    Necr           3%         N/A       99%         5


Dungeon Overview and Level Annotations

Branches:
Dungeon (5/15)
 Temple: D:4-7

Altars:
Makhleb
Okawaru
Trog
Uskayaw
The Shining One

Shops:
D:3 !


Innate Abilities, Weirdness & Mutations

You can breathe waves of freezing cold which knock back foes.
Your icy white scales are hard. (AC +6)
You cannot fit into any form of body armour.
Your flesh is cold resistant. (rC+)
You are cold-blooded and may be slowed by cold attacks.


Message History

You feel resistant to cold.
Unknown command.
Okay, then.
Unknown command.
(D) Dungeon
Where to? (Enter - D:5, ? - help)
Your foxfire dissipates!
You climb upwards.
There is a stone staircase leading down here.
(D) Dungeon
Where to? (Enter - D:4, ? - help)
x - a boomerang
Things that are here:
a +0 ring mail; a +0 club; an orc skeleton
There is a stone staircase leading up here.
You climb upwards.
There is a stone staircase leading down here.
(D) Dungeon
Where to? (Enter - D:3, ? - help)
There is a stone staircase leading up here.
You climb upwards.
There is a stone staircase leading down here.
(D) Dungeon
Where to? (Enter - D:2, ? - help) Magic restored.
There is a stone staircase leading up here.
You climb upwards.
There is a stone staircase leading down here.
(D) Dungeon
Where to? (Enter - D:1, ? - help)
Okay, then.
(D) Dungeon
Where to? (Enter - D:1, ? - help)
Okay, then.
You enter the shallow water.
Moving in this stuff is going to be slow.
There is a large open door here.
There is a staircase leading out of the dungeon here.
Are you sure you want to leave the Dungeon?
This will make you lose the game!
You have escaped!

.....# ###8......8##...........
..#..#####.#§§.....≈##...........
#......##..#≈§.....§###.##.#####.
##.........#§§.....≈#...#♣♣♣♣♣###
###..###...#≈..88..≈##..♣~~~~~P♣
.###..##..##≈......≈#..~~~~~P~♣♣♣
.# #...#..##≈......≈#..P~~P~~~PPP
.###.#..#..#≈......≈#............
..##..#....#8...@..8#..♣~~~~~~~P~
#..##.##.###############♣~~~~P~~~
##....##.##........## #♣~P~PP♣♣
###...#.###........## #~♣~♣♣.#
##..#.######......# ##..##.#
##)....#####.....#######..#..
#...#...# #.................
###.###.######....#......... #.#
#..#####..............


There were no monsters in sight!

Vanquished Creatures
  An ice beast (D:4)
  3 scorpions
  Jessica (D:2)
  3 iguanas
  2 adders
  An ufetubus (D:4)
  3 worms
  2 dart slugs (D:3)
  17 orcs
  8 endoplasms
  2 giant cockroaches
  8 goblins
  9 hobgoblins
  3 jackals (D:4)
  A quokka (D:1)
  9 ball pythons
  8 bats
  13 frilled lizards
  6 kobolds
  8 rats
108 creatures vanquished.

Vanquished Creatures (others)
  203 foxfires
  6 plants (D:5)
209 creatures vanquished.

Grand Total: 317 creatures vanquished

Notes
Turn   | Place    | Note
-------+----------+-------------------------------------------
     0 | D:1      | sankara the Draconian Fire Elementalist began the quest for
                  | the Orb.
     0 | D:1      | Reached XP level 1. HP: 14/14 MP: 3/3
   195 | D:1      | Reached XP level 2. HP: 20/20 MP: 0/5
   613 | D:1      | Learned a level 2 spell: Scorch
  1029 | D:2      | Reached XP level 3. HP: 26/26 MP: 3/6
  1447 | D:2      | Noticed Jessica
  1458 | D:2      | Killed Jessica
  1459 | D:2      | Reached XP level 4. HP: 33/33 MP: 4/7
  1636 | D:2      | Found a faded altar of an unknown god.
  2149 | D:3      | Found Vale's Distillery.
  2349 | D:3      | Found a hide-covered altar of Uskayaw.
  2356 | D:3      | Found a glowing golden altar of the Shining One.
  2434 | D:3      | Found a burning altar of Makhleb.
  2897 | D:3      | Found a bloodstained altar of Trog.
  3340 | D:4      | Noticed a scorpion
  3350 | D:4      | Killed a scorpion
  3351 | D:4      | Reached XP level 5. HP: 38/38 MP: 2/9
  3781 | D:4      | Reached XP level 6. HP: 41/45 MP: 2/10
  3902 | D:4      | Found an iron altar of Okawaru.
  4087 | D:4      | Reached skill level 5 in Fire Magic
  4144 | D:4      | Learned a level 3 spell: Conjure Flame
  4148 | D:4      | Learned a level 3 spell: Inner Flame
  4208 | D:4      | Noticed an ice beast
  4213 | D:4      | Killed an ice beast
  4418 | D:5      | Entered Level 5 of the Dungeon
  4649 | D:5      | Your scales start taking on an icy white colour.
  4649 | D:5      | Reached XP level 7. HP: 50/50 MP: 7/12
  4649 | D:5      | Gained mutation: Your flesh is cold resistant. (rC+) [White
                  | Draconian growth]
  4740 | D:$      | Got out of the dungeon alive.

Illustrated notes

Levels and vault maps discovered:
D:1:      lightli_arrival_noodles, layout_rooms, serial_bayou_lagoon_b
D:2:      layout_loops_ring, shapermc_ecumenical_altar_venn, uniq_jessica
D:3:      layout_basic, mainiacjoe_overflow_boulevard, trog_antimagical,
          minitemple, serial_shops, shop_statue
D:4:      layout_loops_cross, nicolae_overflow_crystal_walls, dk_noncrumbling_4,
          chequers_garden, minmay_checkerbox
D:5:      layout_cave_pools, minmay_temple_entry_waves, minmay_lizard_king

Skill      XL: |  1  2  3  4  5  6 |
---------------+-------------------+-----
Conjurations   | 2 3 4 |  4.6
Fire Magic     | 4 4 |  4.6
Spellcasting   | 3 |  3.5
Dodging        | |  1.7
Stealth        | |  1.7

Action                   |  1- 3 |  4- 6 |  7- 9 || total
-------------------------+-------+-------+-------++-------
Melee: Unarmed           |     9 |       |       ||     9
       Tailslap          |     4 |     7 |       ||    11
       Dagger            |    20 |     8 |       ||    28
       Punch             |     1 |       |       ||     1
       Short sword       |       |    15 |       ||    15
 Cast: Foxfire           |    43 |    81 |       ||   124
       Scorch            |     3 |    22 |       ||    25
       Conjure Flame     |       |     1 |       ||     1
       Inner Flame       |       |     1 |       ||     1
 Stab: Sleeping          |     3 |     1 |       ||     4
Armor: Skin              |    12 |    16 |       ||    28
Dodge: Dodged            |    21 |    22 |       ||    43
